 Dungeon Crawl Stone Soup version 0.22.1-1-ga44c0e5 (webtiles) character file.

100 Fang the Skirmisher (level 4, -13/29 HPs)
             Began as a Gargoyle Berserker on Oct 5, 2018.
             Was a Believer of Trog.
             Mangled by an orc warrior
             ... wielding a +0 trident
              (19 damage)
             ... on level 3 of the Dungeon.
             The game lasted 00:02:04 (2169 turns).

Fang the Skirmisher (Gargoyle Berserker)            Turns: 2169, Time: 00:02:05

Health: -13/29     AC:  8    Str: 22    XL:     4   Next: 74%
Magic:  4/4        EV: 18    Int:  7    God:    Trog [**....]
Gold:   188        SH:  0    Dex: 14    Spells: 3/3 levels left

rFire    + . .     SeeInvis .   n - +0 war axe
rCold    x . .     Gourm    .   (no shield)
rNeg     + . .     Faith    .   b - +0 animal skin
rPois    ∞         Spirit   .   (no helmet)
rElec    +         Reflect  .   (no cloak)
rCorr    .         Harm     .   m - +2 pair of gloves
MR       .....                  (no boots)
Stlth    ++........             (no amulet)
HPRegen  0.09/turn              e - ring of fire
MPRegen  0.09/turn              (no ring)

@: confused, agile
A: negative energy resistance 1, electricity resistance, unbreathing,
petrification resistance, rot immunity, AC +3
a: Berserk, Trog's Hand, Renounce Religion


You were on level 3 of the Dungeon.
You worshipped Trog.
Trog was pleased with you.
You were not hungry.

You visited 1 branch of the dungeon, and saw 3 of its levels.

You collected 188 gold pieces.

Inventory:

Hand Weapons
 n - a +0 war axe (weapon)
Armour
 b - a +0 animal skin (worn)
 m - a +2 pair of gloves (worn)
Jewellery
 e - a ring of fire (left hand)
Scrolls
 d - a scroll of amnesia {unknown}
 f - a scroll of enchant weapon {unknown}
 g - 3 scrolls of fear {unknown}
 h - a scroll of random uselessness {unknown}
 i - a scroll of identify {unknown}
 k - a scroll of enchant armour {unknown}
 q - a scroll of magic mapping {unknown}
Potions
 j - a potion of mutation {unknown}
 l - a potion of curing {unknown}
 o - a potion of haste {unknown}
 p - a potion of agility
Comestibles
 c - 3 rations


   Skills:
 + Level 4.2 Fighting
 + Level 3.7 Axes
 + Level 2.2 Armour
 + Level 2.3 Dodging
 + Level 0.4 Stealth


You had 3 spell levels left.
You didn't know any spells.
Your spell library was empty.

Dungeon Overview and Level Annotations

Branches:
Dungeon (3/15)

Altars:


Innate Abilities, Weirdness & Mutations

You are resistant to torment.
Your stone body is resilient. (AC +3)
You are immune to poison.
You resist negative energy. (rN+)
You are resistant to electric shocks. (rElec)
You can survive without breathing.
You are immune to petrification.
You are immune to rotting.


Message History

You are too confused!
You are too confused!
You are too confused!
You are too confused!
Unknown command.
You're too confused!
You bump into the rock wall.
The orc wizard hits you but does no damage.
The orc warrior hits you but does no damage.
Unknown command.
You're too confused to move!
The orc warrior hits you from afar with a trident!!
Ouch! That really hurt!
* * * LOW HITPOINT WARNING * * *
Unknown command.
It was a potion of agility.
You feel agile all of a sudden.
The orc warrior hits you from afar with a trident!!
Ouch! That really hurt!
You die...

##.## #####.#####
#.# #####.##### #.#
#.........# ##+#
#.###.###.# #...#
#.# #.# .#
.....##.###.###.###
...<..#.....).....#
.......o........#.#
.$..?.oo.@.....##
.......#..#...##
.....o##..##..#
.....# #..##..#
#...# #..##..# ##+#
#....... ######.##
#.# #.#


You could see an orc warrior, an orc wizard and an orc.

Vanquished Creatures
  4 adders
  A worm (D:2)
  A dart slug (D:1)
  A leopard gecko (D:1)
  2 ball pythons (D:2)
  A bat skeleton (D:2)
  2 giant cockroaches
  6 hobgoblins
  7 jackals
  7 kobolds
  A quokka (D:2)
  4 bats (D:2)
  4 frilled lizards
  7 goblins
  7 rats
55 creatures vanquished.

Notes
Turn   | Place    | Note
-------+----------+-------------------------------------------
     0 | D:1      | Fang the Gargoyle Berserker began the quest for the Orb.
     0 | D:1      | Reached XP level 1. HP: 14/14 MP: 1/1
   119 | D:1      | Reached XP level 2. HP: 14/19 MP: 2/2
   846 | D:2      | Reached XP level 3. HP: 22/24 MP: 3/3
  1229 | D:2      | Reached skill level 4 in Fighting
  1535 | D:2      | Reached XP level 4. HP: 27/29 MP: 4/4
  1582 | D:2      | Reached ** piety under Trog
  2161 | D:3      | Noticed an orc warrior
  2169 | D:3      | Mangled by an orc warrior

Skill      XL: |  1  2  3 |
---------------+----------+-----
Axes           | 3 |  3.7
Dodging        | 2 |  2.3
Fighting       | 4 |  4.2
Armour         | |  2.2
Stealth        | |  0.4

Action                   |  1- 3 |  4- 6 || total
-------------------------+-------+-------++-------
Melee: Hand axe          |   114 |    78 ||   192
       War axe           |       |     4 ||     4
  Use: Potion            |       |     1 ||     1
 Stab: Sleeping          |       |     1 ||     1
  Eat: Chunk             |     2 |     2 ||     4
Armor: Animal skin       |    38 |    43 ||    81
Dodge: Dodged            |    74 |    64 ||   138
